 Dungeon Crawl Stone Soup version 0.15-a0-1936-gbed3715 (console) character file.

21 Riskier the Magician (level 2, -5/15 HPs)
             Began as a Deep Elf Ice Elementalist on July 8, 2014.
             Killed from afar by Sigmund (7 damage)
             ... with a magic dart
             ... on Level 2 of the Dungeon.
             The game lasted 00:02:07 (386 turns).

Riskier the Magician (Deep Elf Ice Elementalist)     Turns: 386, Time: 00:02:08

HP  -5/15        AC  2     Str  5      XL: 2   Next: 62%
MP   9/9         EV 13     Int 19      God:
Gold 42          SH  0     Dex 15      Spells:  2 memorised,  6 levels left

rFire  . . .     SeeInvis .     d - +0 whip
rCold  . . .     Clarity  .     a - +0 robe
rNeg   + . .     rCorr    .     (no shield)
rPois  .         rRot     .     (no helmet)
rElec  .         Spirit   .     (no cloak)
SustAb .         Warding  +     (no gloves)
rMut   .         Stasis   .     (no boots)
Gourm  .                        h - amulet of warding
MR     .....                    (no ring)
                                (no ring)

@: not resistant to hostile enchantments, unstealthy
A: no striking features
a: no special abilities


You were on level 2 of the Dungeon.
You were not hungry.

You visited 1 branch of the dungeon, and saw 2 of its levels.

You collected 42 gold pieces.

Inventory:

Hand weapons
 d - a +0 whip (weapon)
 n - a +2 falchion of slicing
Armour
 a - a +0 robe (worn)
 e - a +0 ring mail
Comestibles
 c - 2 bread rations
 j - a royal jelly
Scrolls
 g - 2 scrolls of fog {unknown}
 i - a scroll of immolation {unknown}
 k - a scroll of identify {unknown}
 l - a scroll of random uselessness {unknown}
Jewellery
 h - an amulet of warding (around neck)
Potions
 f - a potion of resistance {unknown}
 m - a potion of curing {unknown}
Books
 b - a book of Frost

   Spells                             Type                      Level
   *Freeze                            Ice                          1
   *Throw Frost                       Conjuration/Ice              2
   Ozocubu's Armour                   Charms/Ice                   3
   Throw Icicle                       Conjuration/Ice              4
   Summon Ice Beast                   Ice/Summoning                4
   Condensation Shield                Ice                          4


   Skills:
 - Level 2.4 Dodging
 - Level 2.4 Stealth
 + Level 4.4 Spellcasting
 * Level 1.2 Conjurations
 - Level 3.2 Ice Magic


You had 6 spell levels left.
You knew the following spells:

 Your Spells              Type           Power        Failure   Level  Hunger
a - Freeze                Ice            ###.         4%          1    None
b - Throw Frost           Conj/Ice       ##....       10%         2    #......


Dungeon Overview and Level Annotations

Branches:
Dungeon (2/15)

Altars:
Qazlal

Annotations:
D:2 Sigmund


Message History

Aiming: Freeze
Press: ? - help, Shift-Dir - straight line, f/p - giant cockroach
Aim: a giant cockroach (moderately wounded)
You freeze the giant cockroach.
You kill the giant cockroach!
You now have 42 gold pieces (gained 12).
Sigmund the Dreaded comes into view.
He is wielding a scythe.
Sigmund shouts!
You see here a glowing falchion.
n - a glowing falchion Sigmund looks at you with fury.
Sigmund casts a spell at you. The magic dart hits you!
Sigmund points at you and mumbles some strange words.
The puff of flame hits you!
* * * LOW HITPOINT WARNING * * *
Sigmund screams, "Don't try to resist!"
Sigmund gestures at you while chanting. The magic dart hits you!
You die...

..............##.........########
..............##......%..#...#...
..............##......##.#.#.#.##
..............##......##.#.#.#.#
..............##.........#'#'#'##
......$.......##................#
..............##...............##
.........@....#####'#..........#§
....)..........@...+.........>#.
...##############.#............
+# #.#..........#.
#.#..........#§ #.#..........##
.. #.#......#..... .....
..#........#### ..#... #####
###........# ...[...
+...#...#####........#


You could see Sigmund.

Vanquished Creatures
  An adder (D:2)
  2 giant cockroaches
  2 hobgoblins
  A quokka (D:2)
  A giant newt (D:1)
  2 goblins
  A kobold (D:1)
  2 rats (D:2)
12 creatures vanquished.

Notes
Turn   | Place    | Note
--------------------------------------------------------------
     0 | D:1      | Riskier, the Deep Elf Ice Elementalist, began the quest for the Orb.
     0 | D:1      | Reached XP level 1. HP: 10/10 MP: 5/5
   250 | D:2      | Reached skill level 4 in Spellcasting
   250 | D:2      | Reached XP level 2. HP: 15/15 MP: 1/9
   258 | D:2      | Learned a level 2 spell: Throw Frost
   277 | D:2      | Found a stormy altar of Qazlal.
   376 | D:2      | Noticed Sigmund
   386 | D:2      | Killed from afar by Sigmund

Action                   || total
-------------------------++-------
Melee: Whip              ||    15
 Cast: Freeze            ||    12
 Stab: Sleeping          ||     2
